 Dungeon Crawl Stone Soup version 0.23.1-42-g8abd8fc (webtiles) character file.

Game seed: 11795058163746053048

277 Borgoz the Cutter (level 6, 0/55 HPs)
             Began as a Gargoyle Gladiator on Mar 30, 2019.
             Killed by divine providence
             ... invoked by an orc priest
              (9 damage)
             ... on level 4 of the Dungeon.
             The game lasted 00:04:44 (2551 turns).

Borgoz the Cutter (Gargoyle Gladiator)              Turns: 2551, Time: 00:04:45

Health: 0/55       AC: 23    Str: 17    XL:     6   Next: 25%
Magic:  6/6        EV:  2    Int: 14    God:
Gold:   149        SH:  0    Dex: 13    Spells: 5/5 levels left

rFire    . . .     SeeInvis .   a - +0 rapier
rCold    . . .     Gourm    .   (no shield)
rNeg     + + +     Faith    .   (armour currently unavailable)
rPois    ∞         Spirit   .   (helmet currently unavailable)
rElec    .         Reflect  .   (cloak currently unavailable)
rCorr    .         Harm     .   (gloves currently unavailable)
MR       .....     NoTele   +   (boots currently unavailable)
Stlth    +.........             (no amulet)
HPRegen  0.18/turn              (no ring)
MPRegen  0.10/turn              (no ring)

@: confused, brilliant, tree-form (expiring)
A: negative energy resistance 1, petrification resistance, rot immunity, AC +4
a: no special abilities


You were on level 4 of the Dungeon.
You were hungry.
You were a tree.
You visited 1 branch of the dungeon, and saw 4 of its levels.

You collected 149 gold pieces.

Inventory:

Hand Weapons
 a - a +0 rapier (weapon)
Missiles
 d - 2 throwing nets (quivered)
Armour
 b - a +0 leather armour (melded)
 c - a +0 helmet (melded)
 l - a +0 pair of boots (melded)
Scrolls
 e - 3 scrolls of identify {unknown}
 h - a scroll of amnesia {unknown}
 j - a scroll of enchant armour {unknown}
 k - a scroll of magic mapping {unknown}
 n - a scroll of immolation {unknown}
 p - a scroll of noise {unknown}
 q - 3 scrolls of teleportation {unknown}
 r - a scroll of remove curse {unknown}
Comestibles
 f - 6 rations
 o - 2 chunks of flesh


   Skills:
 + Level 3.0 Fighting
 * Level 3.7 Short Blades
 + Level 2.4 Throwing
 * Level 2.8 Armour
 * Level 3.3 Dodging
 + Level 2.2 Stealth


You had 5 spell levels left.
You didn't know any spells.
Your spell library contained the following spells:

 Spells                   Type           Power        Failure   Level  Hunger
 Animate Skeleton         Necr           N/A          3%          1    ##.....
 Apportation              Tloc           #.....       3%          1    ##.....
 Confusing Touch          Hex            #.....       3%          1    ##.....
 Summon Small Mammal      Summ           #...         3%          1    ##.....


Dungeon Overview and Level Annotations

Branches:
Dungeon (4/15)
 Temple: D:4-7

Altars:
Cheibriados


Innate Abilities, Weirdness & Mutations

You are resistant to torment.
((Your stone body is resilient. (AC +4)))
You are immune to poison.
You resist negative energy. (rN+)
((You are resistant to electric shocks. (rElec)))
((You can survive without breathing.))
You are immune to petrification.
You are immune to rotting.


Message History

Beogh smites you!
* * * LOW HITPOINT WARNING * * *
You hit something but do no damage. Something hits you.
* * * LOW HITPOINT WARNING * * *
You barely miss something.
You hear some strange, mumbled words.
You are confused.
You aren't carrying any potions.
You aren't carrying any items that you can evoke.
You swing at nothing.
Something hits you but does no damage.
You swing at nothing.
Something hits you but does no damage.
You puncture something!
Reactivating autopickup.
You feel a bit more experienced.
Your transformation is almost over.
You puncture the orc!
You kill the orc!
The orc priest mumbles some strange prayers to Beogh against you.
Beogh smites you!
You die...

.#.# #.##.#
...#
####..#.#
.###
#.......#
##
....#####.#
.## #.# #.#
#.# #.# #♣#
#)# #o# #.#
#o. ###


You could see an orc priest and an orc.

Vanquished Creatures
  A water moccasin skeleton (D:3)
  3 orc wizards
  Terence (D:2)
  6 adders
  2 worms (D:3)
  A dart slug (D:3)
  5 orcs
  4 giant cockroaches
  6 goblins
  9 hobgoblins
  4 jackals (D:1)
  6 kobolds
  7 bats
  A frilled lizard (D:1)
  5 rats
61 creatures vanquished.

Notes
Turn   | Place    | Note
-------+----------+-------------------------------------------
     0 | D:1      | Borgoz the Gargoyle Gladiator began the quest for the Orb.
     0 | D:1      | Reached XP level 1. HP: 12/12 MP: 1/1
    94 | D:1      | Reached XP level 2. HP: 16/17 MP: 2/2
   283 | D:1      | Reached skill level 1 in Armour
   710 | D:2      | Reached XP level 3. HP: 14/22 MP: 3/3
  1159 | D:2      | Reached skill level 1 in Stealth
  1304 | D:2      | Noticed Terence
  1322 | D:2      | Killed Terence
  1322 | D:2      | Reached XP level 4. HP: 27/27 MP: 4/4
  1449 | D:2      | Found a faded altar of an unknown god.
  1687 | D:3      | Reached XP level 5. HP: 28/32 MP: 5/5
  1996 | D:3      | Found a snail-covered altar of Cheibriados.
  2483 | D:4      | Reached XP level 6. HP: 36/36 MP: 6/6
  2551 | D:4      | Killed from afar by an orc priest

Skill      XL: |  1  2  3  4  5  6 |
---------------+-------------------+-----
Armour         | 1 2 |  2.8
Throwing       | 2 |  2.4
Short Blades   | 3 |  3.7
Stealth        | 1 2 |  2.2
Dodging        | 3 |  3.3
Fighting       | 3 |  3.0

Action                   |  1- 3 |  4- 6 || total
-------------------------+-------+-------++-------
Melee: Rapier            |    90 |   160 ||   250
Throw: Throwing net      |     2 |       ||     2
  Use: Potion            |       |     3 ||     3
 Stab: Sleeping          |     2 |     1 ||     3
  Eat: Chunk             |     1 |     4 ||     5
Armor: Leather armour    |    23 |    58 ||    81
       Skin              |       |    14 ||    14
Dodge: Dodged            |    54 |   113 ||   167
